 Dungeon Crawl Stone Soup version 0.27.0-1-g7a089689b8 (webtiles) character file.

Game seed: 2471409333111476760

5 horus123 the Ducker (level 1, 0/12 HPs)
             Began as a Deep Elf Gladiator on Aug 8, 2021.
             Slain by a goblin (2 damage)
             ... on level 1 of the Dungeon.
             The game lasted 00:00:29 (276 turns).

horus123 the Ducker (Deep Elf Gladiator)             Turns: 276, Time: 00:00:29

Health: 0/12       AC:  4    Str: 11    XL:     1   Next: 66%
Magic:  3/3        EV: 13    Int: 12    God:
Gold:   16         SH:  0    Dex: 16    Spells: 0/0 levels left

rFire    . . .     SeeInvis .   a - +0 rapier
rCold    . . .     Faith    .   (no shield)
rNeg     . . .     Spirit   .   b - +0 leather armour
rPois    .         Reflect  .   c - +0 helmet
rElec    .         Harm     .   (no cloak)
rCorr    .         Rampage  .   (no gloves)
Will     .....                  (no boots)
Stlth    +.........             (no amulet)
HPRegen  0.04/turn              (no ring)
MPRegen  0.08/turn              (no ring)

@: no status effects
A: no striking features
a: no special abilities


You were on level 1 of the Dungeon.
You visited 1 branch of the dungeon, and saw 1 of its levels.

You collected 16 gold pieces.

Inventory:

Hand Weapons
 a - a +0 rapier (weapon)
Missiles
 d - 3 throwing nets (quivered)
 e - 4 boomerangs
Armour
 b - a +0 leather armour (worn)
 c - a +0 helmet (worn)
Scrolls
 f - a scroll of identify {unknown}
 g - a scroll of teleportation {unknown}
Potions
 h - 3 potions of lignification {unknown}


   Skills:
 + Level 1.6 Fighting
 + Level 3.1 Short Blades
 + Level 2.1 Throwing
 + Level 3.7 Dodging


You couldn't memorise any spells.
You didn't know any spells.
Your spell library was empty.

Dungeon Overview and Level Annotations

Branches:
Dungeon (1/15)

Altars:


Message History

Found a golden potion.
You hit the hobgoblin.
The hobgoblin is almost dead.
The hobgoblin closely misses you.
You closely miss the hobgoblin.
The hobgoblin is almost dead.
The hobgoblin hits you.
You hit the hobgoblin.
You kill the hobgoblin!
You now have 16 gold pieces (gained 6).
h - 3 golden potions (gained 1)
A quokka, a goblin and a hobgoblin come into view.
The hobgoblin shouts!
The goblin shouts!
You hear an angry hiss.
You hear a shout!
The hobgoblin moves out of view.
Found a scale mail.
There are monsters nearby!
A ball python and a goblin come into view.
The goblin hits you but does no damage.
An endoplasm comes into view.
You closely miss the goblin.
The ball python hisses angrily.
The goblin closely misses you. The hobgoblin misses you.
You barely miss the goblin.
The endoplasm quivers.
The goblin hits you with a +0 club.
The hobgoblin hits you but does no damage.
The quokka bites you but does no damage.
You barely miss the goblin. The quokka barely misses you.
The goblin barely misses you. The hobgoblin misses you.
The goblin closely misses you. The quokka barely misses you.
You barely miss the goblin. The hobgoblin hits you.
* * * LOW HITPOINT WARNING * * *
The quokka closely misses you. The goblin barely misses you.
The goblin misses you.
You puncture the goblin!
You kill the goblin!
The hobgoblin misses you. The quokka closely misses you.
The goblin hits you with a +0 dagger.
You die...

#..)###.# #..## #.#
#.......... #..# #.#
#.........#
..†####.#####........#
.....................#
..#####)..###........
..# #...# #.#S.[#
..#####...####.#gr.#
..##............@J#
.....##.........g.....#
#.## #...####.##.##..#
#. #.... ........ ...
................. #
####.###########... #.
.## #. # ##


You could see an endoplasm, a quokka, a hobgoblin, a goblin and a ball python.

Vanquished Creatures
  A bat (D:1)
  2 goblins (D:1)
  A hobgoblin (D:1)
  A kobold (D:1)
5 creatures vanquished.

Notes
Turn   | Place    | Note
-------+----------+-------------------------------------------
     0 | D:1      | horus123 the Deep Elf Gladiator began the quest for the
                  | Orb.
     0 | D:1      | Reached XP level 1. HP: 12/12 MP: 3/3
   276 | D:1      | Slain by a goblin

Illustrated notes

Levels and vault maps discovered:
D:1:      scummos_arrival_simple_fountains, layout_loops_ring,
          minmay_misc_feat_hallway, ebering_dispersal_statue_hall

Action                   || total
-------------------------++-------
Melee: Rapier            ||    25
Armor: Leather armour    ||    13
Dodge: Dodged            ||    32
